 Dungeon Crawl Stone Soup version 0.16.2-12-gd0ad4c3 (webtiles) character file.

723 faibistes the Thaumaturge (level 7, 0/60 HPs)
             Began as a Deep Elf Wizard on Dec 30, 2017.
             Slain by a giant gecko (3 damage)
             ... on level 4 of the Dungeon.
             The game lasted 00:13:44 (5134 turns).

faibistes the Thaumaturge (Deep Elf Wizard)         Turns: 5134, Time: 00:13:44

Health: 0/60       AC:  8    Str:  9    XL:     7   Next: 43%
Magic:  33/35      EV: 14    Int: 25    God:
Gold:   192        SH:  0    Dex: 13    Spells: 6 memorised, 9 levels left

rFire  . . .     SeeInvis .     w - +2 dagger (venom)
rCold  . . .     Clarity  .     y - +2 animal skin
rNeg   . . .     SustAb   .     (no shield)
rPois  .         Gourm    .     b - +1 hat
rElec  .         Spirit   .     n - +2 cloak
rCorr  .         Warding  .     (no gloves)
rMut   .         Stasis   .     (no boots)
MR     .....                    (no amulet)
Stlth  ..........               (no ring)
                                l - ring of magical power

@: berserking, repel missiles, very quick, not resistant to hostile
enchantments, extremely unstealthy
A: no striking features
a: no special abilities


You were on level 4 of the Dungeon.
You were not hungry.

You visited 1 branch of the dungeon, and saw 5 of its levels.

You collected 192 gold pieces.

Inventory:

Hand weapons
 h - a +0 club
 i - a +0 dagger
 w - a +2 dagger of venom (weapon)
 C - a +1 hand axe of electrocution
Armour
 a - a +0 robe
 b - a +1 hat (worn)
 n - a +2 cloak (worn)
 y - a +2 animal skin (worn)
Jewellery
 l - a ring of magical power (left hand)
 z - an uncursed ring of ice
Magical devices
 B - a wand of frost (24)
 E - a wand of frost (16)
Scrolls
 j - a scroll of fog {unknown}
 k - a scroll of random uselessness {unknown}
 o - a scroll of noise {unknown}
 q - a scroll of remove curse {unknown}
 u - a scroll of recharging {unknown}
 v - a scroll of fear {unknown}
 A - a scroll of teleportation {unknown}
Potions
 f - a potion of brilliance
 g - a potion of heal wounds {unknown}
 m - a potion of agility {unknown}
 p - a potion of lignification {unknown}
 t - 2 potions of curing
Books
 c - a book of Minor Magic

   Spells                             Type                      Level
   a - Magic Dart                     Conjuration                  1
   b - Blink                          Translocation                2
   c - Call Imp                       Summoning                    2
   d - Repel Missiles                 Charms/Air                   2
   e - Slow                           Hexes                        2
   f - Conjure Flame                  Conjuration/Fire             3
   g - Mephitic Cloud                 Conjuration/Poison/Air       3
Comestibles
 d - 5 bread rations
 r - 2 slices of pizza
 s - a beef jerky
 x - a meat ration
 D - 2 chunks of flesh


   Skills:
 * Level 2.0 Fighting
 + Level 4.5 Dodging
 - Level 2.4 Stealth
 * Level 8.2 Spellcasting
 - Level 3.6 Conjurations
 - Level 1.1 Summonings
 - Level 2.8 Translocations
 + Level 1.7 Evocations


You had 9 spell levels left.
You knew the following spells:

 Your Spells              Type           Power        Failure   Level  Hunger
a - Magic Dart            Conj           ####         1%          1    None
b - Conjure Flame         Conj/Fire      ###.....     12%         3    None
c - Call Imp              Summ           ###.....     8%          2    None
d - Blink                 Tloc           N/A          3%          2    None
e - Mephitic Cloud        Conj/Pois/Air  ###.....     12%         3    None
f - Repel Missiles        Chrm/Air       ##....       10%         2    None


Dungeon Overview and Level Annotations

Branches:
Dungeon (5/15)
 Temple: D:4-7

Altars:

Annotations:
D:4 Grinder


Message History

* * * LOW HITPOINT WARNING * * *
The bat skeleton hits you.
* * * LOW HITPOINT WARNING * * *
You can move again.
Drink which item? (? for menu, Esc to quit)
A red film seems to cover your vision as you go berserk!
You feel yourself moving faster!
You feel mighty! The bat skeleton barely misses you.
The bat skeleton hits you but does no damage.
Something hits you but does no damage.
You puncture the bat skeleton!
You destroy the bat skeleton!
Something tries to affect you, but you resist.
You puncture something! The giant gecko bites you.
* * * LOW HITPOINT WARNING * * *
You barely miss the giant gecko.
Grinder appears from thin air!
Reactivating autopickup.
Grinder gestures at you.
You struggle to resist.
The giant gecko bites you.
You die...

#....##...)### #....##.#######
#####...###.))[)รท.# ##.....#.#
#######.# . #..#####.# #[# ..
##.## #.## #.### >.. #..#
#...### #...## .. #.## ###...##
###..##.# #.# #@l####.......#
#.# ##5.##..####.....# #.#
##....#####.....#
##.############.)).............
##..#.....<.l)....#.######...###
##.....#########.###...## ....
...##### ###..# ###..####.#.##
##.# ##...## ##....###..# #.#
###..### ####.####.#


You could see Grinder and a giant gecko.

Vanquished Creatures
  The ghost of faibistes the Magician, an average DEWz (D:5)
  A centaur (D:3)
  2 ogres
  3 orc priests
  Ijyb (D:4)
  Robin (D:4)
  A giant mite (D:3)
  5 adders
  2 worms
  2 adder skeletons (D:4)
  6 giant geckos
  2 oozes
  11 orcs
  A bat skeleton (D:4)
  2 giant cockroaches
  17 goblins
  12 hobgoblins
  6 jackals (D:3)
  10 kobolds
  9 bats
  4 giant newts
  A jackal skeleton (D:5)
  A quokka (D:4)
  17 rats
118 creatures vanquished.

Vanquished Creatures (collateral kills)
  An adder (D:1)
  An ooze (D:1)
  A rat (D:1)
3 creatures vanquished.

Vanquished Creatures (others)
  A worm (D:5)
1 creature vanquished.

Grand Total: 122 creatures vanquished

Notes
Turn   | Place    | Note
--------------------------------------------------------------
     0 | D:1      | faibistes, the Deep Elf Wizard, began the quest for the Orb.
     0 | D:1      | Reached XP level 1. HP: 10/10 MP: 6/6
   448 | D:1      | Reached XP level 2. HP: 15/15 MP: 4/10
   530 | D:1      | Learned a level 2 spell: Blink
   533 | D:1      | Learned a level 2 spell: Call Imp
   833 | D:1      | Reached skill level 5 in Spellcasting
  1321 | D:1      | Reached XP level 3. HP: 17/19 MP: 14/14
  1338 | D:1      | Learned a level 3 spell: Conjure Flame
  1342 | D:1      | Learned a level 3 spell: Mephitic Cloud
  2065 | D:2      | Learned a level 2 spell: Repel Missiles
  2437 | D:3      | Reached XP level 4. HP: 24/24 MP: 17/17
  2479 | D:4      | Noticed Robin
  2550 | D:4      | Killed Robin
  2608 | D:4      | Reached skill level 6 in Spellcasting
  2981 | D:4      | Noticed an ogre
  3049 | D:3      | Killed an ogre
  3049 | D:3      | Reached XP level 5. HP: 11/28 MP: 15/21
  3288 | D:5      | Entered Level 5 of the Dungeon
  3624 | D:3      | Reached skill level 7 in Spellcasting
  3768 | D:3      | Reached XP level 6. HP: 32/32 MP: 23/23
  4463 | D:3      | Noticed a centaur
  4472 | D:3      | Killed a centaur
  4592 | D:4      | Noticed an ogre
  4600 | D:4      | Killed an ogre
  4631 | D:4      | Noticed Ijyb
  4646 | D:4      | Killed Ijyb
  4648 | D:4      | Reached skill level 1 in Fighting
  4668 | D:4      | Reached XP level 7. HP: 25/38 MP: 4/25
  4832 | D:4      | Reached skill level 1 in Evocations
  4986 | D:5      | Noticed faibistes' ghost (average DEWz)
  5010 | D:5      | Killed faibistes' ghost
  5010 | D:5      | Reached skill level 8 in Spellcasting
  5101 | D:4      | Noticed Grinder
  5114 | D:4      | Paralysed by something for 3 turns
  5126 | D:4      | Paralysed by something for 5 turns
  5133 | D:4      | HP: 3/60 [giant gecko (2)]
  5134 | D:4      | Slain by a giant gecko

Action                   |  1- 3 |  4- 6 |  7- 9 || total
-------------------------+-------+-------+-------++-------
Melee: Dagger            |     9 |     8 |    13 ||    30
       Hand axe          |       |     9 |    12 ||    21
 Cast: Magic Dart        |    88 |   125 |    32 ||   245
       Call Imp          |     2 |       |       ||     2
       Blink             |     2 |     5 |     1 ||     8
       Repel Missiles    |     1 |       |       ||     1
       Conjure Flame     |       |    12 |     5 ||    17
       Mephitic Cloud    |       |    14 |     4 ||    18
  Use: Scroll            |     3 |     4 |       ||     7
       Potion            |       |       |     1 ||     1
 Stab: Sleeping          |     2 |     1 |       ||     3
       Confused          |       |     1 |       ||     1
  Eat: Chunk             |     4 |     7 |     2 ||    13
